 Dungeon Crawl Stone Soup version 0.19.5 (webtiles) character file.

931 Inchmeat the Archer (level 7, -3/45 HPs)
             Began as a High Elf Hunter on May 16, 2017.
             Killed from afar by a white imp (10 damage)
             ... with a puff of frost
             ... summoned by Eustachio
             ... on level 5 of the Dungeon.
             The game lasted 00:20:02 (5549 turns).

Inchmeat the Archer (High Elf Hunter)               Turns: 5549, Time: 00:20:03

Health: -3/45      AC:  5    Str: 13      XL:     7   Next: 86%
Magic:  8/8        EV: 12    Int: 15      God:
Gold:   240        SH:  0    Dex: 15 (16) Spells: 0 memorised, 6 levels left

rFire  . . .     SeeInvis .     k - +2 trident (venom)
rCold  . . .     Gourm    .     c - +0 leather armour
rNeg   . . .     Faith    .     (no shield)
rPois  .         Spirit   .     x - +2 hat
rElec  .         Reflect  .     (no cloak)
rCorr  .         Harm     .     (no gloves)
MR     .....                    (no boots)
Stlth  +++.......               (no amulet)
                                (no ring)
                                (no ring)

@: no status effects
A: no striking features
a: no special abilities


You were on level 5 of the Dungeon.
You were hungry.

You visited 1 branch of the dungeon, and saw 5 of its levels.

You collected 240 gold pieces.

Inventory:

Hand Weapons
 a - a +1 shortbow
 e - a +2 dagger of holy wrath
 i - a +4 dagger
 k - a +2 trident of venom (weapon)
 v - a +0 falchion
Missiles
 d - 30 arrows
Armour
 c - a +0 leather armour (worn)
 x - a +2 hat (worn)
Jewellery
 w - an uncursed ring of positive energy {unknown}
Wands
 m - a wand of enslavement (11/24)
 o - a wand of digging (7/24)
Scrolls
 b - a scroll of enchant weapon {unknown}
 h - a scroll of blinking {unknown}
 j - 2 scrolls of identify {unknown}
 q - a scroll of magic mapping
 s - 2 scrolls of enchant armour {unknown}
Potions
 l - a potion of experience {unknown}
 t - a potion of resistance {unknown}
 u - a potion of cure mutation {unknown}
 z - a potion of agility
Comestibles
 f - 2 bread rations
 g - 3 meat rations
 n - 2 beef jerkies
 r - 2 fruits


   Skills:
 - Level 2.0 Fighting
 - Level 0.2 Polearms
 * Level 11.6 Bows
 - Level 0.1 Armour
 - Level 2.2 Dodging
 * Level 4.3 Stealth


You had 6 spell levels left.
You didn't know any spells.

Dungeon Overview and Level Annotations

Branches:
Dungeon (5/15)             Temple (0/1) D:5

Altars:
Dithmenos
Gozag

Shops:
D:5 (

Annotations:
D:4 markdado's ghost, amateur TrBe
D:5 Eustachio


Message History

The giant cockroach is poisoned.
The giant cockroach bites you but does no damage.
You closely miss the giant cockroach.
The giant cockroach is lightly wounded.
The giant cockroach bites you but does no damage.
You hit the giant cockroach.
You kill the giant cockroach!
Eustachio calls on the powers of shadow!
Eustachio mumbles some strange words.
You hit the white imp but do no damage.
Eustachio mumbles some strange words.
The white imp gestures at you. The puff of frost hits you!
* * * LOW HITPOINT WARNING * * *
Eustachio says, "My allies will avenge me."
The white imp gestures at you. The puff of frost hits you!
* * * LOW HITPOINT WARNING * * *
The white imp gestures at you. The puff of frost hits you!
You die...

..## #.# ('## #.#
...## ####.####
(...## #......5#
.....## ##..#.##@#
......###.....##5#
......+.......##.#
......###s...###.#
.....####...####@#
....#............#
...##.###.#.######
#'###.# #.#..>**
#.# #.# #..###.*
#.# #># #..# *,#
#.###.# ##.#**,*
...##.#####.,,**
.............**


You could see Eustachio, an iron imp and a white imp.

Vanquished Creatures
  Edmund (D:5)
  A bullfrog (D:4)
  2 howler monkeys
  A bullfrog zombie (D:5)
  A bullfrog skeleton (D:5)
  4 orc wizards
  2 hounds (D:5)
  A centaur skeleton (D:4)
  Jessica (D:3)
  Ijyb (D:3)
  Terence (D:3)
  3 worker ants
  A mummy (D:5)
  A gnoll (D:4)
  11 adders
  An ooze (D:1)
  An adder skeleton (D:4)
  2 worms
  2 dart slugs
  3 leopard geckos
  15 orcs
  A ball python (D:4)
  10 bats
  5 giant cockroaches
  9 hobgoblins
  2 jackals (D:3)
  12 kobolds
  A quokka (D:4)
  3 frilled lizards
  8 goblins
  A hobgoblin zombie (D:5)
  2 kobold zombies (D:5)
  An orc zombie (D:5)
  6 rats (D:1)
117 creatures vanquished.

Vanquished Creatures (collateral kills)
  A centaur zombie (D:5)
1 creature vanquished.

Grand Total: 118 creatures vanquished

Notes
Turn   | Place    | Note
-------+----------+-------------------------------------------
     0 | D:1      | Inchmeat the High Elf Hunter began the quest for the Orb.
     0 | D:1      | Reached XP level 1. HP: 14/14 MP: 2/2
    54 | D:1      | Reached XP level 2. HP: 19/19 MP: 3/3
   163 | D:1      | Reached skill level 6 in Bows
   300 | D:1      | Reached XP level 3. HP: 24/24 MP: 4/4
   721 | D:2      | You fall through a shaft for 2 floors!
   859 | D:4      | Reached skill level 7 in Bows
   859 | D:4      | Reached XP level 4. HP: 13/29 MP: 5/5
  1249 | D:5      | Entered Level 5 of the Dungeon
  1274 | D:5      | Found Geeherghate's Weapon Emporium.
  1280 | D:5      | Reached skill level 8 in Bows
  1280 | D:5      | Reached XP level 5. HP: 16/34 MP: 6/6
  1489 | D:5      | Found a shadowy altar of Dithmenos.
  1490 | D:5      | Noticed Edmund
  1550 | D:4      | Reached skill level 9 in Bows
  1831 | D:4      | Found an opulent altar of Gozag.
  1900 | D:4      | Reached XP level 6. HP: 30/39 MP: 7/7
  1989 | D:4      | Noticed markdado's ghost (amateur TrBe)
  2581 | D:3      | Noticed Jessica
  2590 | D:3      | Noticed Ijyb
  2604 | D:3      | Killed Jessica
  2651 | D:3      | Noticed Terence
  2680 | D:3      | Killed Ijyb
  3161 | D:2      | Reached skill level 10 in Bows
  3593 | D:3      | Killed Terence
  4104 | D:4      | Reached XP level 7. HP: 45/45 MP: 8/8
  4647 | D:5      | Reached skill level 11 in Bows
  4944 | D:5      | Noticed Eustachio
  4977 | D:5      | Killed Edmund
  5549 | D:5      | Killed from afar by a white imp

Skill      XL: |  1  2  3  4  5  6  7 |
---------------+----------------------+-----
Bows           | 6 7 8 9 10 11 | 11.6
Stealth        | 2 3 4 |  4.3
Fighting       | |  2.0
Polearms       | |  0.2
Armour         | |  0.1
Dodging        | |  2.2

Action                   |  1- 3 |  4- 6 |  7- 9 || total
-------------------------+-------+-------+-------++-------
Melee: Dagger            |    26 |    86 |    36 ||   148
       Trident           |       |    27 |    25 ||    52
 Fire: Shortbow          |    46 |   110 |    60 ||   216
Evoke: Wand              |       |     1 |       ||     1
  Use: Potion            |       |     4 |     2 ||     6
       Scroll            |       |     3 |       ||     3
 Stab: Distracted        |       |     1 |     1 ||     2
       Sleeping          |       |     3 |     1 ||     4
  Eat: Chunk             |       |     8 |     1 ||     9
       Bread ration      |       |     1 |       ||     1
Armor: Leather armour    |     7 |    23 |    41 ||    71
Dodge: Dodged            |    21 |    79 |    47 ||   147
